 Dungeon Crawl Stone Soup version 0.22-a0-512-g0943f25562 (webtiles) character file.

752430 Lemiesh the Imperceptible (level 27, 0/154 HPs)
             Began as a Spriggan Enchanter on June 17, 2018.
             Was the Champion of Dithmenos.
             Killed from afar by an orb of fire (39 damage)
             ... with a fireball
             ... on level 5 of the Realm of Zot on June 18, 2018.
             The game lasted 05:55:22 (122249 turns).

Lemiesh the Imperceptible (Spriggan Enchanter)    Turns: 122249, Time: 05:55:23

Health: 0/154      AC: 38    Str: 12    XL:     27
Magic:  5/54       EV: 42    Int: 27    God:    Dithmenos [******]
Gold:   4360       SH: 12    Dex: 25    Spells: 13/78 levels left

rFire    + . .     SeeInvis +   z - +5 rapier "Ceha" {protect, rPois Dex+2}
rCold    + . .     Gourm    .   f - +3 buckler {AC+3}
rNeg     + . .     Faith    .   L - +2 robe {rC+ rF+}
rPois    +         Spirit   .   m - +3 hat "Noklyck" {MR- Int+6 Dex+4 SInv}
rElec    +         Reflect  .   I - +2 cloak {MR+}
rCorr    .         Harm     .   (gloves unavailable)
MR       ++++.                  (boots unavailable)
Stlth    ++++++++++             A - macabre finger necklace {rN+}
HPRegen  0.35/turn              k - +5 ring of protection
MPRegen  0.34/turn              a - +6 ring of protection
                                G - +5 ring of protection

@: protection aura, slightly contaminated, wreathed by umbra, invisible, very
quick
A: very small, unfitting armour, horns 1, molten scales 1, thin skeletal
structure 1, see invisible, herbivore, speed 3, mutation resistance 1,
electricity resistance, slow metabolism 2
}: 5/15 runes: decaying, slimy, silver, abyssal, gossamer
a: Shadow Step, Shadow Form, Renounce Religion


You were on level 5 of the Realm of Zot.
You worshipped Dithmenos.
Dithmenos was exalted by your worship.
You were not hungry.

You visited 12 branches of the dungeon, and saw 58 of its levels.
You visited the Abyss 2 times.
You visited 3 bazaars.
You visited 1 ziggurat, and saw 20 of its levels.
You also visited: Labyrinth, Ossuary, Ice Cave and Wizlab.

You collected 10207 gold pieces.
You spent 5847 gold pieces at shops.

Inventory:

Hand Weapons
 z - the +5 rapier "Ceha" (weapon) {protect, rPois Dex+2}
   (You bought it in a shop on level 5 of the Dungeon)

   It protects the one who uses it against injury (+AC on strike).
   It affects your dexterity (+2).
   It protects you from poison.
Missiles
 y - 11 throwing nets (quivered)
Armour
 f - a +3 buckler of protection (worn)
 m - the +3 hat "Noklyck" (worn) {MR- Int+6 Dex+4 SInv}
   (You acquired it on level 7 of a ziggurat)

   It affects your intelligence (+6).
   It affects your dexterity (+4).
   It affects your resistance to hostile enchantments.
   It lets you see invisible.
 I - a +2 cloak of magic resistance (worn)
 L - a +2 robe of resistance (worn)
Jewellery
 a - a +6 ring of protection (right hand)
 k - a +5 ring of protection (left hand)
 A - the macabre finger necklace (around neck) {rN+}
   (You bought it in a shop in a bazaar)

   [amulet of nothing]

   It protects you from negative energy.
 G - a +5 ring of protection (on amulet)
Wands
 b - a wand of paralysis (30)
 e - a wand of enslavement (66)
 r - a wand of clouds (4)
 W - a wand of digging (25)
Scrolls
 c - 2 scrolls of magic mapping
 i - 2 scrolls of immolation
 l - 2 scrolls of enchant weapon
 p - 23 scrolls of teleportation
 s - 23 scrolls of remove curse
 t - a scroll of vulnerability
 v - a scroll of amnesia
 x - 7 scrolls of fear
 B - a scroll of silence
 K - a scroll of blinking
 M - 13 scrolls of identify
 R - a scroll of holy word
 V - 11 scrolls of fog
Potions
 g - 6 potions of heal wounds
 h - 8 potions of flight
 j - 7 potions of resistance
 n - 13 potions of curing
 q - 4 potions of magic
 u - a potion of brilliance
 w - 11 potions of haste
 D - a potion of berserk rage
 F - 9 potions of mutation
 N - 3 potions of ambrosia
 P - 3 potions of agility
 X - 2 potions of cancellation
 Y - 2 potions of invisibility
Miscellaneous
 o - 2 phantom mirrors
Comestibles
 d - 17 rations


   Skills:
 - Level 19.0 Fighting
 - Level 14.0 Short Blades
 - Level 25.0 Dodging
 - Level 26.0 Stealth
 - Level 7.3 Shields
 - Level 26.0 Spellcasting
 - Level 19.0 Hexes
 - Level 9.0 Summonings
 - Level 5.5 Necromancy
 + Level 16.7 Fire Magic


You had 13 spell levels left.
You knew the following spells:

 Your Spells              Type           Power        Failure   Level  Hunger
a - Ensorcelled Hibernat  Hex/Ice        ######       1%          2    None
c - Confuse               Hex            #######.     0%          3    None
d - Tukima's Dance        Hex            #######.     0%          3    None
e - Dazzling Spray        Conj/Hex       ######       1%          3    None
f - Cause Fear            Hex            #######...   0%          4    None
g - Spectral Weapon       Hex/Chrm       ######..     1%          3    None
h - Invisibility          Hex            #######.     1%          6    None
i - Discord               Hex            #######...   2%          8    ####...
j - Silence               Hex/Air        ######....   1%          5    None
k - Summon Mana Viper     Hex/Summ       #######.     1%          5    None
l - Summon Forest         Summ/Tloc      ######....   3%          5    None
m - Shadow Creatures      Summ           N/A          3%          6    None
n - Dispel Undead         Necr           ######..     2%          5    None
p - Ring of Flames        Chrm/Fire      ######....   22%         7    None

Your spell library contained the following spells:

 Spells                   Type           Power        Failure   Level  Hunger
 Magic Dart               Conj           ####         1%          1    None
 Fireball                 Conj/Fire      ######....   1%          5    None
 Apportation              Tloc           #####.       1%          1    None
 Conjure Flame            Conj/Fire      ######..     1%          3    None
 Bolt of Fire             Conj/Fire      ######....   4%          6    None
 Bolt of Cold             Conj/Ice       #####.....   77%         6    None
 Lightning Bolt           Conj/Air       #####.....   22%         5    None
 Bolt of Magma            Conj/Fire/Erth ######....   2%          5    None
 Slow                     Hex            #######.     0%          2    None
 Throw Flame              Conj/Fire      ######       1%          2    None
 Throw Frost              Conj/Ice       #####.       1%          2    None
 Controlled Blink         Tloc           N/A          100%        8    ####...
 Freezing Cloud           Conj/Ice/Air   #####.....   77%         6    None
 Mephitic Cloud           Conj/Pois/Air  #####...     2%          3    None
 Venom Bolt               Conj/Pois      #####.....   22%         5    None
 Olgreb's Toxic Radiance  Pois           #####...     9%          4    None
 Teleport Other           Tloc           #####...     2%          3    None
 Summon Small Mammal      Summ           ####         1%          1    None
 Bolt of Draining         Conj/Necr      ######....   8%          5    None
 Blink                    Tloc           N/A          1%          2    None
 Iskenderun's Mystic Bla  Conj           #####...     9%          4    None
 Summon Horrible Things   Summ           ######....   80%         8    ####...
 Animate Dead             Necr           N/A          1%          4    None
 Animate Skeleton         Necr           N/A          1%          1    None
 Vampiric Draining        Necr           ######....   1%          3    None
 Freeze                   Ice            ####         1%          1    None
 Ozocubu's Refrigeration  Ice            #####.....   77%         6    None
 Sticky Flame             Conj/Fire      ######..     1%          4    None
 Summon Ice Beast         Ice/Summ       ######..     1%          4    None
 Ozocubu's Armour         Chrm/Ice       #####...     2%          3    None
 Call Imp                 Summ           ######..     1%          2    None
 Regeneration             Chrm/Necr      ######....   1%          3    None
 Sting                    Conj/Pois      ####         1%          1    None
 Sublimation of Blood     Necr           ######....   1%          2    None
 Summon Demon             Summ           ######....   1%          5    None
 Summon Greater Demon     Summ           ######....   17%         7    None
 Corpse Rot               Necr           N/A          1%          2    None
 Iron Shot                Conj/Erth      #####.....   77%         6    None
 Stone Arrow              Conj/Erth      #####.       2%          3    None
 Shock                    Conj/Air       ####         1%          1    None
 Swiftness                Chrm/Air       #####...     1%          2    None
 Recall                   Summ/Tloc      N/A          1%          3    None
 Agony                    Necr           ######..     2%          5    None
 Spider Form              Tmut/Pois      #####.....   2%          3    None
 Blade Hands              Tmut           #####.....   22%         5    None
 Statue Form              Tmut/Erth      #####....    77%         6    None
 Ice Form                 Ice/Tmut       #####...     9%          4    None
 Dragon Form              Tmut           #####.....   100%        7    None
 Death Channel            Necr           ######....   13%         6    None
 Deflect Missiles         Chrm/Air       #####.....   77%         6    None
 Throw Icicle             Conj/Ice       #####...     9%          4    None
 Airstrike                Air            #####.....   9%          4    None
 Confusing Touch          Hex            ######       0%          1    None
 Flame Tongue             Conj/Fire      #####        1%          1    None
 Passwall                 Tmut/Erth      #####...     1%          2    None
 Ignite Poison            Fire/Tmut/Pois ######..     1%          3    None
 Sticks to Snakes         Tmut           #####...     1%          2    None
 Call Canine Familiar     Summ           ######..     1%          3    None
 Metabolic Englaciation   Hex/Ice        ######....   1%          5    None
 Summon Butterflies       Summ           ######..     1%          1    None
 Shatter                  Erth           #####.....   100%        9    #####..
 Dispersal                Tloc           #####.....   77%         6    None
 Static Discharge         Conj/Air       #####...     2%          3    None
 Corona                   Hex            #######      0%          1    None
 Alistair's Intoxication  Tmut/Pois      #####...     22%         5    None
 Lee's Rapid Deconstruct  Erth           #####.....   22%         5    None
 Simulacrum               Ice/Necr       ######....   38%         6    None
 Conjure Ball Lightning   Conj/Air       #####.....   77%         6    None
 Excruciating Wounds      Chrm/Necr      ######....   8%          5    None
 Portal Projectile        Hex/Tloc       ######       1%          3    None
 Monstrous Menagerie      Summ           ######....   17%         7    None
 Petrify                  Tmut/Erth      #####...     9%          4    None
 Passage of Golubria      Tloc           N/A          9%          4    None
 Malign Gateway           Summ/Tloc      ######....   73%         7    None
 Tornado                  Air            #####.....   100%        9    #####..
 Leda's Liquefaction      Hex/Erth       ######....   1%          4    None
 Summon Hydra             Summ           ######....   17%         7    None
 Darkness                 Hex            #######...   1%          6    None
 Shroud of Golubria       Chrm/Tloc      #####.....   1%          2    None
 Inner Flame              Hex/Fire       #######.     0%          3    None
 Aura of Abjuration       Summ           ######....   1%          5    None
 Beastly Appendage        Tmut           #####.       1%          1    None
 Disjunction              Tloc           #####.....   100%        8    ####...
 Fulminant Prism          Conj/Hex       ######....   1%          4    None
 Force Lance              Conj/Tloc      #####...     9%          4    None
 Infusion                 Chrm           ####         1%          1    None
 Song of Slaying          Chrm           #####...     1%          2    None
 Searing Ray              Conj           #####.       1%          2    None
 Summon Lightning Spire   Summ/Air       ######..     1%          4    None
 Summon Guardian Golem    Hex/Summ       #######.     0%          3    None
 Dragon's Call            Summ           ######....   100%        9    #####..
 Hydra Form               Tmut           #####.....   77%         6    None
 Irradiate                Conj/Tmut      #####.....   22%         5    None
 Gell's Gravitas          Tloc           #####.....   2%          3    None
 Yara's Violent Unravell  Hex/Tmut       ######....   1%          5    None
 Lesser Beckoning         Tloc           #####.....   2%          3    None
 Poisonous Vapours        Pois/Air       #####.       1%          2    None
 Ignition                 Fire           #######...   6%          8    ####...
 Borgnjor's Vile Clutch   Necr/Erth      ######....   8%          5    None


Dungeon Overview and Level Annotations

Branches:
Dungeon (15/15)            Temple (1/1) D:7            Lair (6/6) D:10
  Swamp (4/4) Lair:2       Spider (4/4) Lair:2        Slime (5/5) Lair:5
    Orc (2/2) D:9             Elf (3/3) Orc:2        Vaults (5/5) D:14
  Crypt (3/3) Vaults:2       Tomb (0/3) Crypt:3      Depths (5/5) D:15
    Zot (5/5) Depths:5

Altars:
Ashenzari
Cheibriados
Dithmenos
Elyvilon
Fedhas
Gozag
Hepliaklqana
Kikubaaqudgha
Makhleb
Nemelex Xobeh
Okawaru
Qazlal
Ru
Sif Muna
Trog
Uskayaw
Vehumet
Wu Jian
Xom
Yredelemnul
Zin
The Shining One
Beogh
Jiyva

Shops:
D:5 (   D:11 }   D:13 (   Orc:1 =   Orc:2 [}([=   Vaults:2 !   Vaults:3 *
Vaults:5 [   Depths:1 =}=   Depths:2 **

Portals:
Hell: Depths:1 Depths:2 Depths:3 Depths:4 Depths:5
Abyss: Depths:1 Depths:4
Pandemonium: Depths:3 Depths:5


Innate Abilities, Weirdness & Mutations

You are very small and have problems with some larger weapons.
You are too small for most types of armour.
You have supernaturally acute eyesight. (SInv)
You are a herbivore.
You cover ground extremely quickly.
You need to consume almost no food.
You have a pair of small horns on your head.
You are partially covered in molten scales. (AC +2)
You have a somewhat thin skeletal structure. (Dex +2, Stealth)
You are somewhat resistant to further mutation.
You are resistant to electric shocks. (rElec)


Message History

Your quicksilver dragon's corpse dissolves into shadows!
The bolt of fire misses you.
Unknown command.
Unknown command.
You puncture the green draconian knight!
Your weapon exudes an aura of protection.
The green draconian knight is lightly wounded.
Your shadow hits the green draconian knight but does no damage.
Unknown command.
You catch the helpless green draconian knight completely off-guard!
You spit the green draconian knight like a pig!!!
The green draconian knight is severely wounded.
The orb of fire emits a lurid red light.
The bolt of fire misses you.
The orb of fire glows yellow.
The fireball explodes!
The fireball engulfs you! You resist.
* * * LOW HITPOINT WARNING * * *
The orb of fire glows deep purple.
The fireball explodes!
The fireball engulfs you! You resist.
You die...

▓▓▓▓▓# #▓▓▓▓▓▓▓▓▓▓▓ .[...###
###§.*^*...... [##....##
##§§X§##*X.....
).###...###########.*§###,.......
...###.^............*##*,,...^...
...# ##...).........## *,,.......
...# #.........q...# *,,.......
...# ##...........## *,,.......
...# #........@..# *,,.......
...# ##...........## *,,,,,,,,,
..## #.............# **,,,,,,,,
.## ##.............## **,,,,,,,
## #...............# **,,,,,, #
########.########▓ **#####
#############.........#### #....
..........).#.######.....# #.#.#
.....#......#.#)....####.# #.#..


You could see 2 orbs of fire, a green draconian knight and an Orb Guardian.

Vanquished Creatures
  the Royal Jelly (Slime:5)
  Khufu (Crypt:3)
  4 juggernauts
  4 ancient liches
  Sojobo (Depths:1)
  A greater mummy (Crypt:3)
  4 Killer Klowns
  Xtahua (Crypt:3)
  12 golden dragons
  3 curse toes
  Jory (Crypt:1)
  the Enchantress (Depths:3)
  2 bone dragons
  4 liches
  5 electric golems
  Jorgrun (Depths:2)
  A shard shrike zombie (Crypt:1)
  14 tentacled monstrosities
  9 Orb Guardians (Zot:5)
  5 quicksilver dragons
  5 titans
  2 deep elf master archers (Elf:3)
  3 deep elf blademasters
  9 acid blobs
  Gastronok (Lair:3)
  7 ancient champions
  7 shadow dragons
  7 death cobs
  Agnes (Spider:4)
  Frances (Swamp:2)
  6 tengu reavers
  6 sphinxes
  3 thorn hunters
  5 revenants
  6 draconian monks
  2 azure jellies
  12 storm dragons
  A daeva (Depths:5)
  9 frost giants
  18 vault wardens
  5 draconian scorchers
  An iron dragon (Zot:2)
  3 fire giants
  9 curse skulls
  5 deep elf sorcerers
  5 ghost moths
  A balrug (Depths:1)
  A juggernaut zombie (Crypt:1)
  An angel (Depths:5)
  4 orc warlords
  7 emperor scorpions
  4 draconian knights
  3 draconian shifters
  4 draconian annihilators
  5 draconian stormcallers
  8 ghouls
  18 ironheart preservers
  5 deep elf elementalists
  4 very ugly things
  5 spriggan defenders
  6 caustic shrike skeletons (Depths:3)
  12 vampire knights
  2 war gargoyles
  10 green draconians
  19 stone giants
  Nessos (D:14)
  An entropy weaver (Vaults:4)
  2 deep elf demonologists
  2 spark wasps (Spider:4)
  5 purple draconians
  3 black draconians
  3 deep elf annihilators (Elf:3)
  9 red draconians
  A dire elephant (Depths:3)
  A minotaur (Lab)
  10 white draconians
  11 yellow draconians
  A blizzard demon (Zig:10)
  2 crystal guardians (Crypt:3)
  A merfolk javelineer (Depths:5)
  4 jiangshi
  5 death oozes
  8 deep elf death magi
  6 eidola
  17 ettins
  13 yaktaur captains
  12 fire dragons
  2 merfolk impalers
  3 deep elf high priests (Elf:3)
  4 ice dragons
  11 great orbs of eyes
  Fannar (D:10)
  8 vault guards
  5 rakshasas
  17 hydras
  Erolcha (Orc:2)
  17 death yaks
  A two-headed ogre (shapeshifter) (Zig:14)
  2 ghost crabs (Swamp:4)
  9 vampire magi
  2 catoblepae
  8 centaur warriors
  21 two-headed ogres
  5 spriggan air magi
  2 deep troll shamans
  A death scarab (Zig:4)
  4 death knights
  10 alligators
  A death drake (Zig:17)
  A titan zombie (Crypt:2)
  3 orc high priests
  4 tengu warriors
  2 thrashing horrors
  A hell hog (Abyss:3)
  4 deep troll earth magi
  5 spriggan berserkers (Depths:3)
  7 ogre magi
  17 hell knights
  2 sun demons (Depths:1)
  A storm dragon zombie (Crypt:2)
  Nergalle (Lair:4)
  Urug (Lair:2)
  42 skeletal warriors
  26 deep elf knights
  A fire crab (shapeshifter) (Vaults:4)
  2 iron trolls
  6 shadow wraiths
  An anaconda zombie (Crypt:3)
  A golden dragon zombie (Crypt:3)
  A storm dragon skeleton (Crypt:1)
  A quicksilver dragon simulacrum (Crypt:1)
  9 spriggan druids
  16 deep trolls
  2 shambling mangroves (Swamp:4)
  2 unseen horrors
  10 flayed ghosts
  The ghost of Flugkiller the Covert, a novice SpEn of Gozag (D:9)
  10 deep elf archers
  2 glowing orange brains
  5 wizards
  6 swamp dragons
  11 ironbrand convokers
  9 necromancers
  13 phantasmal warriors
  14 orb spiders
  9 orc knights
  31 ugly things
  11 harpies
  63 deep elf magi
  4 oklob plants (Zig:17)
  3 shining eyes
  5 orc sorcerers
  A shining eye (shapeshifter) (Vaults:5)
  25 wolf spiders
  A manticore (shapeshifter) (Zig:13)
  2 fauns (shapeshifter)
  A stone giant zombie (Crypt:3)
  5 manticores
  A salamander (Depths:4)
  3 black mambas
  23 moths of wrath
  8 cyclopes
  3 eyes of devastation
  12 elephants
  An elephant (shapeshifter) (Zig:16)
  An eye of devastation (shapeshifter) (Depths:3)
  An iron dragon skeleton (Crypt:1)
  2 smoke demons
  An ice statue (IceCv)
  6 gargoyles
  15 vault sentinels
  A torpor snail (Spider:4)
  2 kobold demonologists
  11 rime drakes
  27 spiny frogs
  A spiny frog (shapeshifter) (Vaults:2)
  An orange demon (Zot:1)
  11 freezing wraiths
  A rime drake (shapeshifter) (Vaults:1)
  A yaktaur (shapeshifter) (Vaults:3)
  11 komodo dragons
  19 yaktaurs
  3 meliai (Lair:4)
  5 tengu conjurers
  A merfolk (D:9)
  A queen bee (Lair:4)
  20 jumping spiders
  8 demonic crawlers
  3 guardian mummies
  A queen bee (shapeshifter) (Vaults:3)
  12 trolls
  A harpy zombie (D:15)
  A meliai (shapeshifter) (Vaults:2)
  A silent spectre (Abyss:3)
  59 slime creatures
  A wind drake (shapeshifter) (D:10)
  14 polar bears (IceCv)
  2 raiju
  A jumping spider zombie (Crypt:1)
  A tengu simulacrum (Vaults:2)
  8 bog bodies
  3 fire dragon zombies (Crypt:3)
  16 blink frogs
  2 dream sheep (shapeshifter)
  30 hornets
  A hippogriff (shapeshifter) (Elf:3)
  A blink frog (shapeshifter) (Elf:3)
  A death drake skeleton (Crypt:2)
  Prince Ribbit (D:9)
  16 hippogriffs
  11 tyrant leeches
  25 dancing weapons
  An ettin zombie (Crypt:3)
  44 spriggans
  28 flying skulls
  3 ettin skeletons
  6 shadows
  2 spriggan skeletons
  An air elemental (Elf:3)
  50 redbacks
  30 tarantellas
  3 vampires
  5 wraiths
  44 yaks
  10 water elementals
  6 golden eyes
  An ushabti (Zig:4)
  A wyvern (shapeshifter) (Vaults:5)
  2 hogs (shapeshifter)
  6 basilisks
  3 hungry ghosts
  10 steam dragons (Lair:6)
  A basilisk (shapeshifter) (Vaults:1)
  5 wyverns
  7 fire elementals
  A yaktaur simulacrum (Vaults:2)
  23 vampire mosquitoes
  5 two-headed ogre zombies (WizLab)
  7 large abominations
  A monstrous demonspawn zombie (Crypt:1)
  16 swamp worms
  A soldier ant (D:10)
  3 insubstantial wisps (Swamp:4)
  7 wargs
  2 acid dragons
  12 water moccasins
  2 hydra simulacra (Depths:4)
  10 swamp drakes
  13 porcupines
  43 orc warriors
  2 black bears
  2 floating eyes
  8 sky beasts
  13 ice beasts
  A phantom (D:10)
  6 eyes of draining
  6 boggarts
  7 necrophages
  28 ogres
  A manticore skeleton (Crypt:2)
  A swamp dragon zombie (Crypt:3)
  16 wolves
  15 crocodiles
  16 centaurs
  A rime drake skeleton (Crypt:2)
  2 big kobolds
  2 wyvern zombies
  An elf skeleton (Crypt:3)
  32 bullfrogs
  3 earth elementals
  A water moccasin zombie (D:7)
  A wyvern skeleton (D:14)
  2 small abominations (Abyss:3)
  A queen bee zombie (Crypt:2)
  2 scorpions
  54 killer bees
  5 troll zombies (WizLab)
  36 wights
  A howler monkey (D:5)
  A human simulacrum (Vaults:1)
  6 electric eels
  5 crimson imps
  6 centaur zombies
  A quasit (D:10)
  A bullfrog zombie (D:6)
  A hound (D:12)
  An iron imp (Abyss:1)
  5 bullfrog skeletons
  24 orc priests
  4 human zombies (Crypt:1)
  2 jellies
  A human skeleton (Crypt:1)
  4 centaur skeletons
  An iguana (D:12)
  23 orc wizards
  A lightning spire (Zig:8)
  10 worker ants
  A big kobold zombie (Ossuary)
  8 ogre zombies
  An ogre skeleton (Crypt:2)
  A hound skeleton (D:4)
  9 mummies
  A howler monkey zombie (D:5)
  11 gnolls
  2 worker ant zombies
  10 adders
  A steam dragon skeleton (Crypt:1)
  3 shadow imps
  A swamp drake skeleton (Crypt:2)
  A white imp (Abyss:3)
  2 ufetubi
  An adder skeleton (D:6)
  4 worms
  2 dart slugs
  A leopard gecko (shapeshifter) (Vaults:5)
  2 leopard geckos
  104 orcs
  6 giant cockroaches
  10 hobgoblins
  8 jackals
  23 kobolds
  4 quokkas
  2 ball pythons
  5 bats
  2 frilled lizards
  3 gnoll zombies (Ossuary)
  4 goblins
  2 goblin zombies (Ossuary)
  A hobgoblin skeleton (Crypt:1)
  2 hobgoblin zombies (Ossuary)
  A kobold skeleton (Crypt:1)
  An orc skeleton (Crypt:2)
  5 orc zombies (Ossuary)
  5 rats
  3 bushes (Depths:3)
  A crawling corpse (Zig:18)
  3 plants
2435 creatures vanquished.

Vanquished Creatures (collateral kills)
  An orb of fire (Zot:5)
  5 ancient liches
  2 juggernauts (Zig:15)
  A Killer Klown (Zig:11)
  the Lernaean hydra (Swamp:4)
  3 golden dragons
  A bone dragon (Zot:2)
  An electric golem (Zot:2)
  3 tentacled monstrosities
  2 titans (Zig:16)
  4 Orb Guardians (Zot:5)
  A lich (Zot:2)
  10 acid blobs
  3 quicksilver dragons
  2 sphinxes
  6 shadow dragons
  A draconian monk (Zot:5)
  A thorn hunter (Zig:17)
  7 storm dragons
  3 fire giants
  3 frost giants
  A deep elf sorcerer (Elf:3)
  A draconian scorcher (Zot:2)
  2 ghost moths
  6 azure jellies (Slime:5)
  A deep elf elementalist (Vaults:5)
  2 iron dragons
  An orc warlord (Zig:15)
  2 draconian stormcallers (Zot:1)
  An emperor scorpion (Zig:9)
  2 draconian shifters
  3 vault wardens
  2 very ugly things (Depths:4)
  5 ironheart preservers
  6 stone giants
  7 war gargoyles
  An entropy weaver (Vaults:4)
  2 deep elf demonologists (Elf:3)
  8 green draconians
  2 vampire knights
  A red draconian (Zot:2)
  4 black draconians
  5 white draconians (Zot:2)
  2 yellow draconians (Zot:2)
  5 purple draconians
  A merfolk javelineer (Zig:8)
  A mummy priest (Zig:4)
  2 ettins
  2 deep elf death magi
  4 green deaths
  4 death oozes (Slime:5)
  A crystal guardian (Crypt:3)
  20 vault guards (Vaults:5)
  3 yaktaur captains
  A deep elf high priest (Vaults:5)
  2 ice dragons (Zot:2)
  3 great orbs of eyes
  8 hydras
  3 ghost crabs
  3 deep troll shamans (Depths:4)
  8 two-headed ogres
  A satyr (shapeshifter) (Vaults:5)
  2 merfolk aquamancers (Zig:8)
  A satyr (Zig:8)
  4 ogre magi
  A deep troll earth mage (Depths:4)
  3 dancing weapons (Crypt:3)
  2 spriggan berserkers (Depths:4)
  A soul eater (Zig:18)
  A thrashing horror (Zig:10)
  An orc high priest (Zig:15)
  2 deep elf knights
  A shadow wraith (Crypt:2)
  A wretched star (Zig:10)
  3 deep trolls (Depths:4)
  2 sea snakes (Zig:8)
  2 spriggan druids (Zig:17)
  3 phantasmal warriors
  5 swamp dragons
  A glowing orange brain (Slime:5)
  A flayed ghost (Zig:14)
  3 shambling mangroves
  2 ironbrand convokers
  A deep elf archer (Zig:16)
  2 deep elf magi (Vaults:3)
  2 orb spiders (Zig:9)
  4 orc knights
  A necromancer (Vaults:1)
  A shining eye (Slime:4)
  7 ugly things
  3 fauns (Zig:8)
  4 oklob plants (Zig:17)
  A cyclops (Vaults:2)
  A manticore (Zig:8)
  An orc sorcerer (Vaults:2)
  2 wolf spiders
  3 merfolk sirens (Zig:8)
  A black mamba (shapeshifter) (Zig:16)
  A water nymph (Zig:8)
  A vault sentinel (Zig:13)
  12 moths of wrath
  An eye of devastation (Slime:2)
  A torpor snail (Zig:9)
  A spiny frog (Zig:17)
  4 freezing wraiths
  2 large abominations (Zig:10)
  A raiju (Zig:10)
  20 yaktaurs
  An efreet (Zig:10)
  An ice devil (Zig:19)
  A meliai (shapeshifter) (Depths:4)
  A troll (D:12)
  3 tyrant leeches (Zig:17)
  2 ancient zymes (Zig:10)
  2 jumping spiders
  3 hornets (Depths:4)
  3 merfolk (Zig:8)
  A wind drake (Zig:8)
  A raiju (shapeshifter) (Zig:5)
  8 slime creatures
  8 bog bodies
  2 flying skulls
  A redback (Spider:4)
  A wraith (Vaults:3)
  A tarantella (Zig:9)
  Sigmund (D:2)
  4 spriggans
  2 water elementals
  A ynoxinul (Zig:10)
  3 chaos spawn
  4 vampire mosquitoes
  5 wargs (Zig:7)
  2 insubstantial wisps
  4 swamp drakes
  11 orc warriors
  4 ogres
  2 eyes of draining
  A wight (Zig:19)
  A hound (D:12)
  An orc priest (Zig:7)
  An orc wizard (Zig:7)
  A mummy (Crypt:3)
  2 gnolls (D:5)
  5 orcs
  A goblin (shapeshifter) (Vaults:5)
  A hobgoblin (D:2)
  6 briar patches (Zig:17)
  A crawling corpse (Zig:18)
  A plant (Zig:17)
425 creatures vanquished.

Vanquished Creatures (others)
  Nikola (Swamp:3)
  2 death cobs (Zot:2)
  A draconian monk (Zot:2)
  3 azure jellies (Slime:5)
  A deep elf sorcerer (Elf:3)
  A fire giant (Zig:16)
  A vault warden (Vaults:5)
  A reaper (Zig:19)
  3 very ugly things
  A green draconian (Zot:2)
  An entropy weaver (Zig:9)
  A deep elf demonologist (Elf:3)
  3 red draconians
  A yellow draconian (Zot:5)
  A black draconian (Zot:5)
  A blizzard demon (Zig:19)
  3 hydras
  2 ettins (Vaults:5)
  2 vault guards (Vaults:5)
  A satyr (shapeshifter) (Zig:11)
  3 alligators (Zig:17)
  A death knight (Vaults:5)
  A deep elf knight (Elf:3)
  A skeletal warrior (Zig:19)
  2 swamp dragons (Zig:17)
  A wizard (Elf:1)
  A phantasmal warrior (Zig:18)
  A harpy (Vaults:3)
  An ironbrand convoker (Zig:13)
  7 deep elf magi
  3 hornets
  A wolf spider (Zig:9)
  An orc sorcerer (Zig:15)
  4 moths of wrath
  4 slime creatures
  An oklob plant (Zig:17)
  2 vault sentinels
  A spiny frog (Zig:17)
  4 yaktaurs
  A small abomination (Elf:3)
  An ancient zyme (Zig:10)
  A freezing wraith (Zig:19)
  A jumping spider (Zig:9)
  2 tyrant leeches (Zig:17)
  A blink frog (Zig:10)
  A flying skull (Zig:19)
  A redback (Zig:9)
  3 water elementals
  A neqoxec (Zig:10)
  2 dancing weapons (D:9)
  An ogre (Zig:7)
  A chaos spawn (Zig:11)
  A vampire mosquito (Swamp:4)
  A swamp worm (Swamp:3)
  A warg (Vaults:2)
  6 hydra simulacra (Depths:4)
  2 orc warriors
  A swamp drake (Zig:17)
  An ice beast (Zig:19)
  A centaur (D:11)
  2 orc wizards
  4 white imps (Zig:19)
  An orc (D:6)
  15 briar patches
  A crawling corpse (Elf:3)
  13 fungi
  50 plants
  4 spectral weapons
192 creatures vanquished.

Grand Total: 3052 creatures vanquished

Notes
Turn   | Place    | Note
-------+----------+-------------------------------------------
     0 | D:1      | Lemiesh the Spriggan Enchanter began the quest for the Orb.
     0 | D:1      | Reached XP level 1. HP: 9/9 MP: 5/5
   404 | D:2      | Found a basalt altar of Yredelemnul.
   579 | D:2      | Noticed Sigmund
   590 | D:2      | Killed Sigmund
   590 | D:2      | Reached skill level 5 in Hexes
   590 | D:2      | Reached XP level 2. HP: 7/13 MP: 6/8
   590 | D:2      | Reached XP level 3. HP: 8/16 MP: 6/9
   590 | D:2      | Reached XP level 4. HP: 11/21 MP: 7/11
   876 | D:1      | Learned a level 2 spell: Ensorcelled Hibernation
   880 | D:1      | Learned a level 3 spell: Confuse
   884 | D:1      | Learned a level 3 spell: Tukima's Dance
  1746 | D:2      | Reached skill level 5 in Spellcasting
  1746 | D:2      | Reached XP level 5. HP: 24/24 MP: 9/13
  1781 | D:2      | Learned a level 3 spell: Dazzling Spray
  2283 | D:2      | Found a glowing golden altar of the Shining One.
  2574 | D:3      | Reached skill level 5 in Stealth
  3173 | D:3      | Found a faded altar of an unknown god.
  3599 | D:3      | Found a sparkling altar of Nemelex Xobeh.
  3713 | D:4      | Reached XP level 6. HP: 28/28 MP: 8/14
  3803 | D:4      | Found a sand-covered staircase.
  3820 | Ossuary  | Entered an ossuary
  4779 | D:4      | Found a white marble altar of Elyvilon.
  5423 | D:5      | Entered Level 5 of the Dungeon
  5423 | D:5      | Found an opulent altar of Gozag.
  5705 | D:5      | Noticed an ice beast
  5750 | D:5      | Killed an ice beast
  5750 | D:5      | Reached XP level 7. HP: 14/32 MP: 4/15
  6022 | D:5      | Found a radiant altar of Vehumet.
  6071 | D:5      | Found Joqouf's Antique Weapon Shop.
  6105 | D:5      | Bought a transparent rapier for 198 gold pieces
  6105 | D:5      | Identified the +5 rapier "Ceha" {protect, rPois Dex+2} (You bought it in a shop on level 5 of the Dungeon)
  6146 | D:5      | Reached skill level 10 in Stealth
  6564 | D:5      | Found a snail-covered altar of Cheibriados.
  7833 | D:6      | Reached XP level 8. HP: 36/36 MP: 9/16
  8313 | D:6      | Found an ancient bone altar of Kikubaaqudgha.
  8389 | D:6      | Found Heddotal's General Store.
  8519 | D:6      | Found a shimmering altar of Xom.
  8852 | D:7      | Learned a level 4 spell: Cause Fear
  8869 | D:7      | Found a staircase to the Ecumenical Temple.
  8883 | Temple   | Entered the Ecumenical Temple
  9083 | Temple   | Became a worshipper of Dithmenos the Shadowed
  9528 | D:7      | Found a glowing silver altar of Zin.
  9529 | D:7      | Found a hazy altar of Hepliaklqana.
  9544 | D:7      | Found a bloodstained altar of Trog.
  9624 | D:7      | Reached skill level 15 in Stealth
 10017 | D:8      | Reached XP level 9. HP: 40/40 MP: 10/18
 10106 | D:8      | Reached skill level 1 in Fighting
 10830 | D:8      | Reached * piety under Dithmenos
 11029 | D:8      | Reached skill level 5 in Dodging
 11456 | D:8      | Found a hide-covered altar of Uskayaw.
 11474 | D:8      | Reached XP level 10. HP: 45/47 MP: 21/21
 11665 | D:9      | Noticed Flugkiller's ghost (novice SpEn)
 11670 | D:9      | Reached ** piety under Dithmenos
 11869 | D:9      | Noticed Prince Ribbit
 11885 | D:9      | Killed Prince Ribbit
 12241 | D:9      | Killed Flugkiller's ghost
 12502 | D:9      | Noticed a two-headed ogre
 12515 | D:9      | Killed a two-headed ogre
 12515 | D:9      | Reached skill level 5 in Short Blades
 13313 | D:9      | Found a staircase to the Orcish Mines.
 13406 | D:10     | Entered Level 10 of the Dungeon
 13408 | D:10     | Found a staircase to the Lair.
 13440 | D:10     | Reached *** piety under Dithmenos
 13460 | D:10     | Reached XP level 11. HP: 45/53 MP: 14/24
 13567 | D:10     | Noticed a red ugly thing
 13580 | D:10     | Noticed an unseen horror
 13611 | D:10     | Killed an unseen horror
 14319 | D:10     | Noticed Fannar
 14347 | D:10     | Killed Fannar
 14644 | D:11     | Learned a level 3 spell: Spectral Weapon
 14723 | D:11     | Reached **** piety under Dithmenos
 14872 | D:11     | Reached skill level 5 in Fighting
 14911 | D:11     | Found Bofe's Gadget Emporium.
 15066 | D:11     | Noticed a cyan ugly thing
 15073 | D:11     | Killed a cyan ugly thing
 15111 | D:11     | Noticed a brown ugly thing
 15120 | D:11     | Killed a brown ugly thing
 15396 | D:11     | Noticed a two-headed ogre
 15402 | D:11     | Killed a two-headed ogre
 15407 | D:11     | Found a frozen archway.
 15424 | IceCv    | Entered an ice cave
 15450 | IceCv    | Reached XP level 12. HP: 32/60 MP: 2/26
 15668 | IceCv    | Reached skill level 10 in Hexes
 15685 | IceCv    | Reached skill level 10 in Dodging
 16072 | IceCv    | Reached ***** piety under Dithmenos
 16101 | IceCv    | Reached skill level 10 in Spellcasting
 16357 | IceCv    | Noticed a frost giant
 16377 | IceCv    | Killed a frost giant
 17309 | D:12     | Noticed a two-headed ogre
 17315 | D:12     | Killed a two-headed ogre
 17650 | D:12     | Reached XP level 13. HP: 60/66 MP: 26/28
 17809 | D:12     | Gained mutation: Your body sometimes deteriorates upon taking damage. [potion of mutation]
 17809 | D:12     | Gained mutation: You are dopey. (Int -2) [potion of mutation]
 17809 | D:12     | Gained mutation: Your system is resistant to poisons. (rPois) [potion of mutation]
 17810 | D:12     | Lost mutation: Your system is resistant to poisons. (rPois) [potion of mutation]
 17810 | D:12     | Lost mutation: You are dopey. (Int -2) [potion of mutation]
 17810 | D:12     | Lost mutation: Your body sometimes deteriorates upon taking damage. [potion of mutation]
 17810 | D:12     | Gained mutation: You are partially covered in iridescent scales. (AC +2) [potion of mutation]
 17810 | D:12     | Gained mutation: Your flesh is heat resistant. (rF+) [potion of mutation]
 17810 | D:12     | Lost mutation: Your flesh is heat resistant. (rF+) [potion of mutation]
 17810 | D:12     | Gained mutation: You can translocate small distances at will. [potion of mutation]
 17887 | D:12     | Found a deep blue altar of Sif Muna.
 18386 | D:13     | Found Yxtek's Antique Weapon Shop.
 19271 | D:14     | Found a gate to the Vaults.
 19406 | D:14     | Noticed a fire dragon
 19424 | D:14     | Killed a fire dragon
 19424 | D:14     | Reached ****** piety under Dithmenos
 19755 | D:14     | Noticed Nessos
 20038 | D:14     | Killed Nessos
 20098 | D:14     | Noticed a fire dragon
 20732 | D:14     | Killed a fire dragon
 21327 | Lair:1   | Entered Level 1 of the Lair of Beasts
 22588 | Lair:2   | Found a hole to the Spider Nest.
 22814 | Lair:2   | Noticed Urug
 22825 | Lair:2   | Killed Urug
 23103 | Lair:2   | Found a staircase to the Swamp.
 23883 | Lair:3   | Reached XP level 14. HP: 72/72 MP: 30/30
 23885 | Lair:3   | Reached skill level 10 in Short Blades
 24003 | Lair:3   | Noticed Gastronok
 24024 | Lair:3   | Killed Gastronok
 25949 | Lair:4   | Noticed Nergalle
 25951 | Lair:4   | Killed Nergalle
 26060 | Lair:4   | Reached XP level 15. HP: 77/77 MP: 32/32
 26061 | Lair:4   | Reached XP level 16. HP: 82/82 MP: 33/33
 27593 | Lair:5   | Found a staircase to the Slime Pits.
 28375 | Lair:6   | Entered Level 6 of the Lair of Beasts
 30428 | Lair:6   | Reached skill level 15 in Dodging
 30791 | Lair:6   | Reached XP level 17. HP: 81/88 MP: 23/35
 31301 | Lair:6   | Identified the Catalogue of Flight
 31577 | Orc:1    | Entered Level 1 of the Orcish Mines
 31577 | Orc:1    | Found Roigrem's Jewellery Boutique.
 31607 | Orc:1    | Found a radiant altar of Vehumet.
 31890 | Orc:2    | Entered Level 2 of the Orcish Mines
 31890 | Orc:2    | Found a labyrinth entrance.
 31912 | Lab      | Entered a labyrinth
 32770 | Orc:2    | Noticed Erolcha
 32784 | Orc:2    | Found a roughly hewn altar of Beogh.
 32860 | Orc:2    | Found a roughly hewn altar of Beogh.
 32904 | Orc:2    | Found a staircase to the Elven Halls.
 32939 | Orc:2    | Found a roughly hewn altar of Beogh.
 32940 | Orc:2    | Found Hosourgh's Jewellery Emporium.
 33217 | Orc:2    | Found Ampezoys's Armour Emporium.
 33521 | Orc:2    | Found a roughly hewn altar of Beogh.
 34128 | Orc:2    | Found a roughly hewn altar of Beogh.
 34129 | Orc:2    | Found Bashrivi's Gadget Emporium.
 34139 | Orc:2    | Killed Erolcha
 34352 | Orc:2    | Found a roughly hewn altar of Beogh.
 34352 | Orc:2    | Found Set Nues's Antique Weapon Shop.
 34541 | Orc:2    | Found Plog's Antique Armour Boutique.
 34579 | Orc:2    | Bought a runed rapier for 203 gold pieces
 34832 | Elf:1    | Entered Level 1 of the Elven Halls
 34843 | Elf:1    | Found a flickering gateway to a bazaar.
 34853 | Bazaar   | Entered a bazaar
 34881 | Bazaar   | Found Plog's General Store.
 34906 | Bazaar   | Found Ithi Aph's Magic Scroll Emporium.
 34906 | Bazaar   | Found Exkogami's Food Shoppe.
 34931 | Bazaar   | Found Fudd's Jewellery Emporium.
 34931 | Bazaar   | Found Bozel's Assorted Antiques.
 34956 | Bazaar   | Found Lixt's General Store.
 34956 | Bazaar   | Found Ginwukuta's Gadget Shoppe.
 35037 | Bazaar   | Bought a book of Enchantments for 600 gold pieces
 35039 | Bazaar   | Learned a level 1 spell: Flame Tongue
 35046 | Bazaar   | Learned a level 5 spell: Silence
 35055 | Bazaar   | Learned a level 8 spell: Discord
 35081 | Bazaar   | Bought the macabre finger necklace {rN+} for 560 gold pieces
 35081 | Bazaar   | Found the macabre finger necklace {rN+}
 35081 | Bazaar   | Bought a +5 ring of protection for 770 gold pieces
 35665 | D:15     | Entered Level 15 of the Dungeon
 35866 | D:15     | Found a staircase to the Depths.
 37420 | Depths:1 | Entered Level 1 of the Depths
 37453 | Depths:1 | Reached skill level 10 in Fighting
 38280 | Depths:1 | Noticed Sojobo
 38282 | Depths:1 | Killed Sojobo
 38484 | Depths:1 | Found Xaufuga's Jewellery Shoppe.
 38484 | Depths:1 | Found Jeimopt's Gadget Shop.
 38485 | Depths:1 | Found Ritta's Jewellery Shoppe.
 38931 | Depths:1 | Found a one-way gate to the infinite horrors of the Abyss.
 39035 | Depths:1 | Found a gateway to Hell.
 39338 | Depths:2 | Found Xomozen's General Store.
 39879 | Swamp:1  | Entered Level 1 of the Swamp
 40032 | Swamp:1  | Reached XP level 18. HP: 95/95 MP: 37/37
 40500 | Swamp:1  | Reached skill level 15 in Hexes
 41337 | Swamp:2  | Noticed Frances
 41352 | Swamp:2  | Killed Frances
 41450 | Swamp:2  | Reached skill level 15 in Spellcasting
 42104 | Swamp:3  | Noticed Nikola
 42108 | Swamp:3  | Killed Nikola
 43260 | Swamp:4  | Entered Level 4 of the Swamp
 43410 | Swamp:4  | Killed the 27-headed Lernaean hydra
 45499 | Swamp:4  | Got a decaying rune of Zot
 46717 | Vaults:1 | Entered Level 1 of the Vaults
 48328 | Vaults:1 | Noticed a tentacled monstrosity
 48330 | Vaults:1 | Killed a tentacled monstrosity
 48330 | Vaults:1 | Reached XP level 19. HP: 100/100 MP: 34/39
 48826 | Vaults:2 | Cast into level 3 of the Abyss (vault warden)
 49607 | Vaults:2 | Escaped the Abyss
 50107 | Vaults:2 | Found a staircase to the Crypt.
 50107 | Vaults:2 | Found a basalt altar of Yredelemnul.
 50108 | Vaults:2 | Found an ancient bone altar of Kikubaaqudgha.
 51270 | Vaults:2 | Gained mutation: You are clumsy. (Dex -2) [mutagenic glow]
 51991 | Vaults:2 | Found Xaickant's Distillery.
 51999 | Vaults:2 | Bought a potion of cancellation for 96 gold pieces
 51999 | Vaults:2 | Bought 2 potions of invisibility for 192 gold pieces
 51999 | Vaults:2 | Bought a potion of heal wounds for 60 gold pieces
 51999 | Vaults:2 | Bought a potion of brilliance for 48 gold pieces
 52987 | Vaults:3 | Found Geidenko's Assorted Antiques.
 54755 | Vaults:4 | Found a flickering gateway to a bazaar.
 54762 | Bazaar   | Entered a bazaar
 54764 | Bazaar   | Found Waefoptat's Weapon Boutique.
 54768 | Bazaar   | Found Voastou's Weapon Boutique.
 54768 | Bazaar   | Found Foatifeu's Book Boutique.
 54768 | Bazaar   | Found Itasm's Assorted Antiques.
 54784 | Bazaar   | Bought a book of Party Tricks for 350 gold pieces
 54791 | Bazaar   | Learned a level 6 spell: Invisibility
 54818 | Bazaar   | Bought a scroll labeled WOKLIXK ROQOY for 28 gold pieces
 54819 | Bazaar   | Bought a scroll of teleportation for 84 gold pieces
 54819 | Bazaar   | Bought a potion of heal wounds for 140 gold pieces
 54819 | Bazaar   | Bought a scroll of teleportation for 84 gold pieces
 54953 | Vaults:4 | Reached XP level 20. HP: 107/107 MP: 33/41
 59289 | Elf:2    | Found a runed gate.
 59289 | Elf:2    | Found a runed gate.
 59293 | Elf:2    | Found a runed gate.
 60573 | Elf:3    | Entered Level 3 of the Elven Halls
 60887 | D:15     | Lost mutation: You are clumsy. (Dex -2) [potion of mutation]
 60887 | D:15     | Lost mutation: You can translocate small distances at will. [potion of mutation]
 60887 | D:15     | Lost mutation: You are partially covered in iridescent scales. (AC +2) [potion of mutation]
 60887 | D:15     | Gained mutation: You are weak. (Str -2) [potion of mutation]
 60887 | D:15     | Gained mutation: You occasionally shout uncontrollably at your foes. [potion of mutation]
 60887 | D:15     | Gained mutation: You are frail. (-10% HP) [potion of mutation]
 60887 | D:15     | Gained mutation: You evolve. [potion of mutation]
 60888 | D:15     | Lost mutation: You are frail. (-10% HP) [potion of mutation]
 60888 | D:15     | Lost mutation: You evolve. [potion of mutation]
 60888 | D:15     | Gained mutation: You are dopey. (Int -2) [potion of mutation]
 60888 | D:15     | Gained mutation: You are somewhat resistant to further mutation. [potion of mutation]
 60889 | D:15     | Lost mutation: You are dopey. (Int -2) [potion of mutation]
 60889 | D:15     | Lost mutation: You are weak. (Str -2) [potion of mutation]
 60890 | D:15     | Lost mutation: You are somewhat resistant to further mutation. [potion of mutation]
 60890 | D:15     | Gained mutation: You do not regenerate when monsters are visible. [potion of mutation]
 60890 | D:15     | Gained mutation: Your flesh is cold resistant. (rC+) [potion of mutation]
 60890 | D:15     | Gained mutation: Your system is resistant to poisons. (rPois) [potion of mutation]
 60890 | D:15     | Gained mutation: You have sharp toenails. [potion of mutation]
 60891 | D:15     | Lost mutation: Your flesh is cold resistant. (rC+) [potion of mutation]
 60891 | D:15     | Lost mutation: Your system is resistant to poisons. (rPois) [potion of mutation]
 60891 | D:15     | Lost mutation: You occasionally shout uncontrollably at your foes. [potion of mutation]
 60891 | D:15     | Gained mutation: You are partially covered in molten scales. (AC +2) [potion of mutation]
 60891 | D:15     | Gained mutation: You have razor-sharp toenails. [potion of mutation]
 60892 | D:15     | Lost mutation: You do not regenerate when monsters are visible. [potion of mutation]
 60892 | D:15     | Lost mutation: You have razor-sharp toenails. [potion of mutation]
 60892 | D:15     | Lost mutation: You have sharp toenails. [potion of mutation]
 60892 | D:15     | Gained mutation: You are somewhat resistant to further mutation. [potion of mutation]
 60892 | D:15     | Gained mutation: You are resistant to electric shocks. (rElec) [potion of mutation]
 61285 | Elf:3    | Learned a level 5 spell: Summon Mana Viper
 61334 | Elf:3    | Found the smoking robe
 61337 | Elf:3    | Got a smoking robe
 62335 | Elf:3    | Identified the cursed -5 robe of Misfortune {-Cast *Contam *Tele *Drain EV-5 Stlth-- *Curse} (You found it on level 3 of the Elven Halls)
 62674 | Elf:3    | Reached XP level 21. HP: 113/113 MP: 44/44
 64579 | Elf:3    | Got a twitching granite ring
 64580 | Elf:3    | Identified the ring of Rucarr {-Tele rC+ Str+2 SInv} (You took it off a deep elf knight on level 3 of the Elven Halls)
 65859 | Spider:1 | Entered Level 1 of the Spider Nest
 65888 | Spider:1 | Identified a scroll of acquirement
 68920 | Spider:4 | Entered Level 4 of the Spider Nest
 69761 | Spider:4 | Noticed Agnes
 69777 | Spider:4 | Killed Agnes
 70992 | Spider:4 | Got a gossamer rune of Zot
 71717 | Depths:2 | Bought a scroll of magic mapping for 84 gold pieces
 72291 | Depths:2 | Found Qarchac's General Store.
 72314 | Depths:2 | Bought a potion of heal wounds for 50 gold pieces
 72718 | Depths:2 | Noticed Jorgrun
 72730 | Depths:2 | Killed Jorgrun
 73456 | Depths:3 | Reached XP level 22. HP: 99/119 MP: 5/46
 73902 | Depths:3 | Got a clouded graven amulet
 73906 | Depths:3 | Identified the amulet of Buyvoufa {Gourm rElec Str+7 SInv Stlth+} (You found it on level 3 of the Depths)
 73917 | Depths:3 | Noticed the Enchantress
 73945 | Depths:3 | Killed the Enchantress
 74406 | Depths:3 | Got faerie dragon scales
 74417 | Depths:3 | Identified the +1 faerie dragon scales {rCorr Int+4} (You took it off the Enchantress on level 3 of the Depths)
 75057 | Depths:3 | Reached skill level 1 in Shields
 75230 | Depths:3 | Found a one-way gate leading to the halls of Pandemonium.
 76023 | Depths:3 | Found a bloodstained altar of Trog.
 79482 | Depths:4 | Noticed a juggernaut
 79505 | Depths:4 | Killed a juggernaut
 80544 | Depths:4 | Got a coiled pewter amulet
 80549 | Depths:4 | Identified the amulet of the Heavens {Acrobat rElec Dex-4 Slay+2} (You took it off a spriggan on level 4 of the Depths)
 80638 | Depths:5 | Entered Level 5 of the Depths
 80638 | Depths:5 | Found a gateway to a ziggurat.
 80703 | Depths:5 | Found a magical portal.
 80726 | Depths:5 | Found a flickering gateway to a bazaar.
 80733 | Bazaar   | Entered a bazaar
 80737 | Bazaar   | Found Jougrei's Antique Weapon Shop.
 80788 | Bazaar   | Found Iluo's Antique Weapon Boutique.
 80801 | Bazaar   | Found Foejahen's Armour Shop.
 80820 | Bazaar   | Found Wisch's Weapon Boutique.
 80839 | Bazaar   | Found Nenirch's Antique Armour Shoppe.
 80906 | WizLab   | Entered Zonguldrok's Shrine
 82076 | WizLab   | Noticed an antique lich
 82090 | WizLab   | Killed an antique lich
 82090 | WizLab   | Reached XP level 23. HP: 125/125 MP: 38/48
 82280 | WizLab   | Found the +9 sword of Zonguldrok {reap}
 84303 | Depths:5 | Reached skill level 5 in Shields
 84305 | Depths:5 | Found a gate to the Realm of Zot.
 84825 | Depths:1 | Bought a +6 ring of protection for 1482 gold pieces
 85032 | Vaults:5 | Entered Level 5 of the Vaults
 85058 | Vaults:5 | Reached skill level 1 in Summonings
 85063 | Vaults:5 | Reached skill level 15 in Fighting
 85853 | Vaults:5 | Learned a level 5 spell: Summon Forest
 85860 | Vaults:5 | Learned a level 6 spell: Shadow Creatures
 85913 | Vaults:5 | Got a silver rune of Zot
 88059 | Vaults:5 | Found Wuydaqosk's Antique Armour Boutique.
 88065 | Vaults:5 | Bought a heavily runed buckler for 266 gold pieces
 88065 | Vaults:5 | Identified the +4 buckler of the Orb {Str+5} (You bought it in a shop on level 5 of the Vaults)
 88861 | Vaults:5 | Got a shimmering amber ring
 88862 | Vaults:5 | Identified the ring of Kale {rC+ Str+4 Dex+7} (You found it on level 5 of the Vaults)
 89033 | Crypt:1  | Entered Level 1 of the Crypt
 89349 | Crypt:1  | Noticed Jory
 90129 | Crypt:1  | Reached XP level 24. HP: 123/132 MP: 28/49
 90173 | Crypt:1  | Reached skill level 5 in Summonings
 90874 | Crypt:1  | Killed Jory
 93431 | Crypt:2  | Learned a level 5 spell: Dispel Undead
 93524 | Crypt:2  | Reached skill level 1 in Necromancy
 93910 | Crypt:3  | Entered Level 3 of the Crypt
 94102 | Crypt:3  | Gained mutation: You are frail. (-10% HP) [mutagenic glow]
 94924 | Crypt:3  | Got a transparent granite ring
 94924 | Crypt:3  | Got a brightly glowing copper ring
 94930 | Crypt:3  | Identified the ring of Teajig {rF+ rN+ MP+9} (You found it on level 3 of the Crypt)
 94931 | Crypt:3  | Identified the ring of Kamezaj {+Fly rN+ MR+} (You found it on level 3 of the Crypt)
 95566 | Crypt:3  | Noticed an ancient lich
 95576 | Crypt:3  | Noticed a greater mummy
 95578 | Crypt:3  | Noticed Khufu
 95582 | Crypt:3  | Killed an ancient lich
 95582 | Crypt:3  | Reached skill level 5 in Necromancy
 95601 | Crypt:3  | Killed Khufu
 95612 | Crypt:3  | Killed a greater mummy
 95637 | Crypt:3  | Found a staircase to the Tomb.
 96531 | Crypt:3  | Found an ancient bone altar of Kikubaaqudgha.
 96590 | Crypt:3  | Noticed Xtahua
 96604 | Crypt:3  | Killed Xtahua
 97031 | Vaults:2 | Upgraded the game from 0.22-a0-482-g76e0a5f51a to 0.22-a0-512-g0943f25562
 97237 | Zig:1    | Entered Level 1 of a ziggurat
 97254 | Zig:2    | Entered Level 2 of a ziggurat
 97276 | Zig:3    | Entered Level 3 of a ziggurat
 97303 | Zig:4    | Entered Level 4 of a ziggurat
 97657 | Zig:4    | Got a wavering copper ring
 97661 | Zig:4    | Identified the ring "Giggyir" {+Blink rPois rF+ rN++ Str-2} (You found it on level 4 of a ziggurat)
 97664 | Zig:5    | Entered Level 5 of a ziggurat
 97664 | Zig:5    | Found the +3 robe of Clouds {+Fly rElec}
 97666 | Zig:5    | Noticed an ancient lich
 97680 | Zig:5    | Killed an ancient lich
 97797 | Zig:5    | Reached XP level 25. HP: 123/123 MP: 49/49
 97799 | Zig:6    | Entered Level 6 of a ziggurat
 97831 | Zig:6    | Got a twitching lapis lazuli ring
 97837 | Zig:6    | Identified the ring "Qenof" {MP+9 Str+4 Stlth+} (You found it on level 6 of a ziggurat)
 97839 | Zig:7    | Entered Level 7 of a ziggurat
 97844 | Zig:7    | Noticed a juggernaut
 97900 | Zig:7    | Killed a juggernaut
 98203 | Zig:7    | Got a fine hat
 98214 | Zig:7    | Identified the +3 hat "Noklyck" {MR- Int+6 Dex+4 SInv} (You acquired it on level 7 of a ziggurat)
 98223 | Zig:8    | Entered Level 8 of a ziggurat
 98241 | Zig:8    | Reached XP level 26. HP: 127/127 MP: 38/49
 98378 | Zig:8    | Identified the Almanac of the Blistering Entourage
 98389 | Zig:9    | Entered Level 9 of a ziggurat
 98471 | Zig:9    | Identified the Compendium of Necromancy
 98480 | Zig:9    | Got a transparent steel ring
 98488 | Zig:9    | Identified the ring "Yruir" {rC+ rN+} (You found it on level 9 of a ziggurat)
 98627 | Zig:10   | Entered Level 10 of a ziggurat
 99086 | Zig:10   | Identified the Volume of Heat and the Glacier
 99099 | Zig:10   | Learned a level 7 spell: Monstrous Menagerie
 99355 | Zig:11   | Entered Level 11 of a ziggurat
 99363 | Zig:11   | Noticed Osuj the pandemonium lord
 99371 | Zig:11   | Noticed Zorirela the pandemonium lord
 99432 | Zig:12   | Entered Level 12 of a ziggurat
 99544 | Zig:12   | Gained mutation: Your spells are a little easier to cast, but a little less powerful. [mutagenic glow]
 99966 | Zig:12   | Lost mutation: Your spells are a little easier to cast, but a little less powerful. [potion of mutation]
 99966 | Zig:12   | Lost mutation: You are frail. (-10% HP) [potion of mutation]
 99966 | Zig:12   | Gained mutation: You have a somewhat thin skeletal structure. (Dex +2, Stealth) [potion of mutation]
100338 | Zig:13   | Entered Level 13 of a ziggurat
100350 | Zig:13   | Noticed an ancient lich
100401 | Zig:13   | Killed an ancient lich
100936 | Zig:13   | Got a glittering lapis lazuli ring
100937 | Zig:13   | Identified the ring "Ybeirr" {Ice MP+9 Str+2} (You found it on level 13 of a ziggurat)
100958 | Zig:14   | Entered Level 14 of a ziggurat
101471 | Zig:14   | Identified Sif Muna's Collected Works on Attacks and Transformation
101485 | Zig:15   | Entered Level 15 of a ziggurat
101496 | Zig:15   | Noticed a juggernaut
101498 | Zig:15   | Noticed a juggernaut
101500 | Zig:15   | Noticed a juggernaut
101501 | Zig:15   | Noticed a juggernaut
101504 | Zig:15   | Killed a juggernaut
101504 | Zig:15   | Killed a juggernaut
101521 | Zig:15   | Killed a juggernaut
101551 | Zig:15   | Killed a juggernaut
101860 | Zig:15   | Identified the Almanac of Lethal Clay
101863 | Zig:15   | Got a slimy lead ring
101864 | Zig:15   | Identified the ring of Tuadd {rElec rF+ Str+7} (You found it on level 15 of a ziggurat)
101906 | Zig:16   | Entered Level 16 of a ziggurat
101918 | Zig:16   | Noticed an ancient lich
101921 | Zig:16   | Found the +9 scales of the Dragon King {rPois rF+ rC+ MR+}
101923 | Zig:16   | Found the +8 frozen axe "Frostbite" {freezing cloud, *Noise +Fly rC+}
101929 | Zig:16   | Killed an ancient lich
101981 | Zig:16   | Noticed an ancient lich
102002 | Zig:16   | Killed an ancient lich
102381 | Zig:16   | Got a faintly glowing pewter amulet
102382 | Zig:16   | Identified the amulet of Tasovinn {Acrobat rF+ Int+7} (You found it on level 16 of a ziggurat)
102392 | Zig:17   | Entered Level 17 of a ziggurat
102486 | Zig:17   | Reached XP level 27. HP: 58/151 MP: 4/51
103280 | Zig:17   | Got a translucent steel ring
103281 | Zig:17   | Identified the ring of the Lotus Blossom {rPois Int+4} (You found it on level 17 of a ziggurat)
103289 | Zig:17   | Identified Cedigh's Handbook of Black Rituals
103294 | Zig:17   | Got a bound golden ring
103295 | Zig:17   | Identified the ring "Olaecekk" {*Tele rPois} (You found it on level 17 of a ziggurat)
103315 | Zig:17   | Identified the +1 robe of Agguo {rF+} (You found it on level 17 of a ziggurat)
103324 | Zig:18   | Entered Level 18 of a ziggurat
104061 | Zig:18   | Identified the Compendium of Venom and Shape Shifting
104084 | Zig:18   | Identified the Papyrus of the Twisted Volcanoes
104096 | Zig:18   | Identified the Almanac of Displaced Transmigration
104099 | Zig:18   | Got a warped pewter amulet
104100 | Zig:18   | Identified the amulet of Kyla {Inacc Str+4} (You found it on level 18 of a ziggurat)
104119 | Zig:19   | Entered Level 19 of a ziggurat
104144 | Zig:20   | Entered Level 20 of a ziggurat
104204 | Zig:20   | Found the +11 plutonium sword {*Contam Stlth-}
105096 | Slime:1  | Entered Level 1 of the Pits of Slime
105419 | Slime:5  | Entered Level 5 of the Pits of Slime
105573 | Slime:4  | Gained mutation: You have a pair of small horns on your head. [a shining eye]
105786 | Slime:5  | Noticed the Royal Jelly
105788 | Slime:5  | Found a viscous altar of Jiyva.
105793 | Slime:5  | Killed the Royal Jelly
106878 | Slime:5  | Got a slimy rune of Zot
106962 | Slime:5  | Identified the Handbook of the Cankerous Escort
107612 | Depths:1 | Voluntarily entered the Abyss.
108069 | Abyss:3  | Paralysed by a floating eye for 4 turns
108081 | Abyss:3  | Got an abyssal rune of Zot
108430 | Depths:1 | Escaped the Abyss
108635 | Zot:1    | Entered Level 1 of the Realm of Zot
108646 | Zot:1    | Learned a level 7 spell: Ring of Flames
108695 | Zot:1    | Reached skill level 1 in Fire Magic
108728 | Zot:1    | Found the +0 Maxwell's etheric cage {RegenMP+ *Contam rElec MP+4}
109870 | Zot:1    | Identified the Tome of Execration and Transmutation
110149 | Zot:1    | Identified the Catalogue of Flying Conjuration
110694 | Zot:2    | Reached skill level 5 in Fire Magic
112413 | Zot:2    | Reached skill level 10 in Fire Magic
113763 | Vaults:2 | Bought a potion of curing for 36 gold pieces
113763 | Vaults:2 | Bought a potion of mutation for 96 gold pieces
113763 | Vaults:2 | Bought a potion of heal wounds for 60 gold pieces
113763 | Vaults:2 | Bought a potion of magic for 96 gold pieces
113763 | Vaults:2 | Bought a potion of magic for 96 gold pieces
113763 | Vaults:2 | Bought a potion of curing for 36 gold pieces
113763 | Vaults:2 | Bought a potion of curing for 36 gold pieces
113763 | Vaults:2 | Bought a potion of magic for 96 gold pieces
116979 | Zot:5    | Entered Level 5 of the Realm of Zot
118609 | Zot:5    | Noticed an ancient lich
118645 | Zot:5    | Killed an ancient lich
119154 | Zot:5    | Reached skill level 15 in Fire Magic
119964 | Zot:5    | Noticed an ancient lich
119977 | Zot:5    | Killed an ancient lich
120174 | Zot:5    | Noticed an ancient lich
120197 | Zot:5    | Killed an ancient lich
121035 | Zot:5    | Noticed an orb of fire
121040 | Zot:5    | Noticed an orb of fire
121560 | Zot:5    | Killed an orb of fire
122215 | Zot:5    | Noticed an orb of fire
122221 | Zot:5    | Noticed an orb of fire
122249 | Zot:5    | Killed from afar by an orb of fire

Vault maps used:
D:1:      minmay_arrival_shattered_statue
D:2:      yredelemnul_altar_generic, first_ration,
          nicolae_tso_swordbearing_angel, uniq_sigmund
D:3:      nemelex_altar_shiori, chequers_ecumenical_altar_simple_redux,
          serial_corexii_hall, corexii_hall_statues_x, corexii_hall_statues_i,
          corexii_hall_statues_deadend, corexii_hall_statues_l
D:4:      elyvilon_altar_1, lightli_ossuary_entry_decrepit_ruins
D:5:      kennysheep_slug_shrine, lemuel_doored_altar,
          nicolae_gozag_seed_capital, serial_shops, nicolae_shop_statue_plus,
          kennysheep_generic_room_16
D:6:      kiku_gazebo_pond_becter, serial_shops, nicolae_shop_behind_doors,
          tgw_xom
D:7:      gammafunk_temple_overflow_forgotten, minmay_temple_entry_large_hall
D:8:      kennysheep_little_box
D:9:      cheibrodos_iron_armory, david_orc_4, hangedman_fish_farm,
          nrook_pool_corridor, uniq_prince_ribbit1
D:10:     david_lair_generic, uniq_fannar
D:11:     portal_ice_cave_entry_ice_beasts, serial_shops, kennysheep_mini
D:12:     basic_altar
D:13:     serial_shops, shop
D:14:     david_vaults_1, kennysheep_nondescript, uniq_nessos
D:15:     grunt_enter_depths_hoard, minmay_misc_feat_plants
Temple:   minmay_temple_curvy_loop
Lair:1:   eino_small_chamber_without_monster, beast_lair_carwin_5
Lair:2:   nicolae_swamp_entry_splash_gauntlet,
          nicolae_spider_entry_tight_spaces, uniq_urug
Lair:3:   infiniplex_staircase_pool_2, serial_bayou_shore_a, uniq_gastronok
Lair:4:   regret_index_wax_grids, nicolae_quartered_pool_super, uniq_nergalle
Lair:5:   slime_dummy, minmay_holes
Lair:6:   minmay_lair_end_frog_pond, bobbens_dragon_lair_wall
Swamp:1:  evilmike_swamp_ruin_house_3, swamp_pool2
Swamp:2:  infiniplex_staircase_pool, uniq_frances
Swamp:3:  evilmike_swamp_ruin_rubble_2, uniq_nikola
Swamp:4:  swamp_basic_johnstein, swamp_pool4,
          nicolae_swamp_feature_on_the_river_bank
Spider:4: spider_rune_water, spider_trap, uniq_agnes
Orc:1:    serial_shops, shop, basic_altar
Orc:2:    grunt_orc_community_town_hall, grunt_orc_community_big_house_1,
          grunt_orc_community_big_house_1, grunt_orc_community_house_3,
          grunt_orc_community_house_1, grunt_orc_community_house_3,
          grunt_orc_community_house_1, grunt_orc_community_house_2,
          grunt_orc_community_house_3, basic_altar, serial_shops,
          nicolae_shop_behind_doors, lab_entry_generic, uniq_erolcha
Elf:1:    eino_elf_arrival_the_gate, serial_shops, bzr_entry_water,
          hangedman_elf_disciples
Elf:3:    grunt_elf_hall_asides
Vaults:1: vaults_room_grid, st_quartered_hall, v_misc_23,
          hangedman_vaults_stitches, v_misc_12,
          nicolae_vaults_windows_and_doors_thing, vaults_dpeg_cross,
          grunt_vaults_funnel
Vaults:2: minmay_crypt_entry_necro_gods, nicolae_vaults_network_star,
          nicolae_vaults_hallways_thing, nicolae_vaults_theta,
          nicolae_vaults_network_periphery, ontoclasm_vaults_ligature,
          st_squares, hangedman_vaults_variations, v_pattern_4,
          ontoclasm_vaults_gateway, dpeg_vaults_monster_row,
          ontoclasm_vaults_eye, serial_shops, shop
Vaults:3: nicolae_vaults_diagonal_hallway_6, vaults_room_pools,
          grunt_vaults_focal, hangedman_vaults_locks, v_misc_8,
          hangedman_vaults_stretched_pinwheel, vaults_room_door_hall,
          v_alt_pattern_5, vaults_room_pools, serial_shops,
          nicolae_shop_waterfront
Vaults:4: v_pattern_1, v_misc_8, nicolae_vaults_theta, hangedman_vaults_trim,
          v_alt_pattern_2, serial_shops, bzr_entry_gold
Crypt:1:  grunt_crypt_arrival_guarded_gate, uniq_jory
Crypt:2:  glass_columns_a
Crypt:3:  cryptofortress_bobbens, uniq_xtahua, uniq_khufu
Depths:1: minmay_misc_feat_nine_boxes, abyss_entry_small_statue_room,
          lightli_too_deep, item_on_display_a, serial_bayou_shore_b,
          minmay_shop_grove, uniq_sojobo
Depths:2: nooodl_glass_maze, serial_sigils, serial_sigils_hangedman_gut,
          serial_sigils_hangedman_quiver, serial_sigils_hangedman_scar,
          serial_sigils_hangedman_snap, serial_sigils_hangedman_confine,
          grunt_hell_entry_dis_old, serial_shops, nicolae_shop_trees,
          kennysheep_windowed_goal, uniq_jorgrun
Depths:3: spriggan_forest, hell_entry, pan_entry
Depths:4: cheibrodos_hall_of_evolution, pf_coc_iceberg,
          hangedman_abyss_entry_splay, serial_bayou_pond_c,
          hangedman_decor_growths, kennysheep_dice
Depths:5: evilmike_zot_entry_round, enter_ziggurat_c, kennysheep_crisscross,
          grunt_pan_entry_spiral, hell_entry, serial_shops, bzr_entry_road,
          lightli_enter_wizlab_magi_temple, spider_trap
Zot:1:    hangedman_swamp_dais
Zot:2:    hangedman_zot_vaults_quadrants, zot_minivault_6
Zot:3:    lemuel_draconian_sentries_small, hangedman_zot_decor_tridents
Zot:5:    lemuel_baited_zot_trap
Abyss:3:  minivault_24
Zig:9:    ziggurat_pillar_centre_smoke
Zig:12:   ziggurat_pillar_centre_dead_trees
Zig:15:   ziggurat_pillar_centre_drop
Zig:17:   ziggurat_pillar_centre_oklobs
Zig:20:   ziggurat_pillar_centre_more_plants
Lab:      labyrinth_mini_lab, nicolae_lab_dead_end
Bazaar:   bazaar_long_row, bazaar_minmay_cross, bazaar_jpeg_ninerooms_2
Ossuary:  minmay_ossuary_gauntlet
IceCv:    ice_cave_small_giant
WizLab:   wizlab_zonguldrok

Skill      XL: |  1  2  3  4  5  6  7  8  9 10 11 12 13 14 15 16 17 18 19 20 21 22 23 24 25 26 27 |
---------------+----------------------------------------------------------------------------------+-----
Spellcasting   | 4 5 6 8 9 10 11 12 13 14 15 16 18 19 20 21 23 26 | 26.0
Hexes          | 5 7 8 9 11 12 13 14 15 17 18 19 | 19.0
Stealth        | 6 9 12 15 16 17 18 19 20 21 22 23 24 25 26 | 26.0
Fighting       | 2 4 5 6 7 8 9 10 11 12 13 14 15 16 17 19 | 19.0
Short Blades   | 3 5 7 8 9 10 11 13 14 | 14.0
Dodging        | 6 8 9 11 12 13 14 15 16 17 19 20 21 22 23 24 25 | 25.0
Shields        | 4 6 7 |  7.3
Summonings     | 4 8 9 |  9.0
Necromancy     | 5 |  5.5
Fire Magic     | 16 | 16.7

Action                   |  1- 3 |  4- 6 |  7- 9 | 10-12 | 13-15 | 16-18 | 19-21 | 22-24 | 25-27 || total
-------------------------+-------+-------+-------+-------+-------+-------+-------+-------+-------++-------
Melee: Dagger            |    36 |   308 |   261 |   490 |       |       |       |       |       ||  1095
       Rapier            |       |       |       |   154 |   502 |  1884 |  1635 |  2116 |  1624 ||  7915
       Headbutt          |       |       |       |       |       |       |       |       |   372 ||   372
Throw: Throwing net      |       |       |       |       |       |     3 |     4 |       |       ||     7
 Cast: Corona            |     4 |       |       |       |       |       |       |       |       ||     4
       Ensorcelled Hiber |       |    29 |    29 |    68 |    38 |   132 |    48 |     9 |     7 ||   360
       Dazzling Spray    |       |    11 |     4 |    16 |    17 |    85 |    63 |    25 |     5 ||   226
       Confuse           |       |    15 |    31 |    67 |    29 |   163 |    86 |    84 |     5 ||   480
       Tukima's Dance    |       |     1 |     3 |     5 |       |     2 |       |       |       ||    11
       Spectral Weapon   |       |       |       |       |       |     3 |     5 |     1 |       ||     9
       Discord           |       |       |       |       |       |     4 |    13 |    13 |    37 ||    67
       Invisibility      |       |       |       |       |       |       |    33 |    28 |    37 ||    98
       Summon Mana Viper |       |       |       |       |       |       |    24 |    89 |    50 ||   163
       Shadow Creatures  |       |       |       |       |       |       |       |     7 |   165 ||   172
       Silence           |       |       |       |       |       |       |       |     4 |       ||     4
       Monstrous Menager |       |       |       |       |       |       |       |       |     4 ||     4
       Summon Forest     |       |       |       |       |       |       |       |       |     4 ||     4
       Dispel Undead     |       |       |       |       |       |       |       |       |    23 ||    23
       Ring of Flames    |       |       |       |       |       |       |       |       |     4 ||     4
Invok: Shadow Step       |       |       |       |       |     3 |    13 |     5 |    13 |     7 ||    41
Evoke: Wand              |     3 |       |     9 |     6 |     1 |     2 |     2 |     3 |     4 ||    30
       Sack of spiders   |       |       |       |       |     1 |     1 |       |       |       ||     2
       Lightning rod     |       |       |       |       |     1 |       |       |       |       ||     1
       Box of beasts     |       |       |       |       |       |     3 |       |       |       ||     3
       Fan of gales      |       |       |       |       |       |     1 |       |       |       ||     1
       Lamp of fire      |       |       |       |       |       |       |       |     1 |       ||     1
       Phantom mirror    |       |       |       |       |       |       |       |       |     2 ||     2
  Use: Scroll            |     3 |    11 |     5 |     8 |    13 |    21 |    15 |    29 |    45 ||   150
       Potion            |       |       |     1 |    12 |     6 |    17 |    10 |    12 |    30 ||    88
 Stab: Sleeping          |     2 |    27 |    37 |    74 |    79 |   215 |   181 |   158 |    95 ||   868
       Distracted        |       |     2 |     1 |     6 |     2 |     7 |    20 |    55 |    58 ||   151
       Invisible         |       |     4 |       |    23 |     6 |    25 |   168 |   159 |    98 ||   483
       Confused          |       |     6 |    17 |    40 |    16 |   101 |    75 |    65 |     2 ||   322
       Held in net/web   |       |       |       |       |       |     3 |     2 |       |     1 ||     6
       Paralysed         |       |       |       |       |       |       |       |       |     1 ||     1
  Eat: Ration            |       |     2 |     5 |     4 |     4 |    14 |    24 |    19 |    18 ||    90
Armor: Robe              |     7 |    38 |    42 |    66 |    55 |   292 |   146 |   139 |   158 ||   943
       Acid dragon scale |       |       |       |       |       |       |       |       |     9 ||     9
Dodge: Dodged            |    35 |   209 |   196 |   560 |   491 |  2735 |  1425 |  1125 |  1095 ||  7871
Block: Buckler           |       |       |       |       |       |       |       |   415 |   516 ||   931

Table legend:
 A = Spawn XP
 B = Non-spawn XP
 C = Spawn XP percentage of total XP
 D = Spawn monster count
 E = Non-spawn monster count
 F = Spawn count percentage of total count
 G = Total turns spent on level
                    A         B        C        D         E        F      G
               +---------+---------+-------+---------+---------+-------+---------
         Total |    1358 | 1693811 |   0.1 |       5 |    2881 |   0.2 | 122249
               +---------+---------+-------+---------+---------+-------+---------
           D:1 |       0 |      22 |   0.0 |       0 |      13 |   0.0 |  1320
           D:2 |       0 |     224 |   0.0 |       0 |      13 |   0.0 |  1161
           D:3 |       0 |      98 |   0.0 |       0 |      27 |   0.0 |  1412
           D:4 |       0 |     170 |   0.0 |       0 |      15 |   0.0 |   968
           D:5 |       0 |     483 |   0.0 |       0 |      15 |   0.0 |  2123
           D:6 |       0 |     847 |   0.0 |       0 |      24 |   0.0 |  1415
           D:7 |       0 |     698 |   0.0 |       0 |      15 |   0.0 |   967
           D:8 |       0 |    3159 |   0.0 |       0 |      51 |   0.0 |  1929
           D:9 |       0 |    3934 |   0.0 |       0 |      38 |   0.0 |  1656
          D:10 |       0 |    6134 |   0.0 |       0 |      42 |   0.0 |  1469
          D:11 |       0 |    6703 |   0.0 |       0 |      39 |   0.0 |  1420
          D:12 |       0 |    7922 |   0.0 |       0 |      59 |   0.0 |  1084
          D:13 |       0 |    4742 |   0.0 |       0 |      21 |   0.0 |  1779
          D:14 |       0 |   12006 |   0.0 |       0 |      30 |   0.0 |  1745
          D:15 |       0 |   14478 |   0.0 |       0 |      46 |   0.0 |  2178
        Lair:1 |       0 |    2401 |   0.0 |       0 |      12 |   0.0 |   884
        Lair:2 |       0 |    5060 |   0.0 |       0 |      24 |   0.0 |  2055
        Lair:3 |       0 |   13352 |   0.0 |       0 |      30 |   0.0 |  2037
        Lair:4 |       0 |   14753 |   0.0 |       0 |      80 |   0.0 |  2633
        Lair:5 |       0 |    4357 |   0.0 |       0 |      15 |   0.0 |  1066
        Lair:6 |       0 |   24061 |   0.0 |       0 |      83 |   0.0 |  2079
       Swamp:1 |       0 |   10564 |   0.0 |       0 |      24 |   0.0 |  1000
       Swamp:2 |       0 |    8756 |   0.0 |       0 |      17 |   0.0 |  1112
       Swamp:3 |       0 |    8634 |   0.0 |       0 |      15 |   0.0 |  1454
       Swamp:4 |       0 |   32952 |   0.0 |       0 |      74 |   0.0 |  3113
      Spider:1 |       0 |   15344 |   0.0 |       0 |      41 |   0.0 |  1262
      Spider:2 |       0 |   10117 |   0.0 |       0 |      34 |   0.0 |   859
      Spider:3 |       0 |    3625 |   0.0 |       0 |      10 |   0.0 |  1515
      Spider:4 |       0 |   35623 |   0.0 |       0 |      74 |   0.0 |  1633
       Slime:2 |       0 |    4554 |   0.0 |       0 |       8 |   0.0 |   233
       Slime:4 |       0 |    7695 |   0.0 |       0 |      19 |   0.0 |   608
       Slime:5 |       0 |   35412 |   0.0 |       0 |      38 |   0.0 |  1318
         Orc:1 |       0 |    3401 |   0.0 |       0 |      31 |   0.0 |   800
         Orc:2 |       0 |   10340 |   0.0 |       0 |     113 |   0.0 |  2384
         Elf:1 |       0 |   19648 |   0.0 |       0 |      35 |   0.0 |  1414
         Elf:2 |       0 |   42796 |   0.0 |       0 |      59 |   0.0 |  2339
         Elf:3 |       0 |   43842 |   0.0 |       0 |      54 |   0.0 |  4415
      Vaults:1 |       0 |   36258 |   0.0 |       0 |      54 |   0.0 |  2070
      Vaults:2 |       0 |   44917 |   0.0 |       0 |      74 |   0.0 |  2934
      Vaults:3 |       0 |   39094 |   0.0 |       0 |      66 |   0.0 |  2701
      Vaults:4 |       0 |   30635 |   0.0 |       0 |      48 |   0.0 |  2176
      Vaults:5 |       0 |   96053 |   0.0 |       0 |     122 |   0.0 |  3926
       Crypt:1 |       0 |   47348 |   0.0 |       0 |      64 |   0.0 |  2768
       Crypt:2 |       0 |   28922 |   0.0 |       0 |      46 |   0.0 |  2150
       Crypt:3 |       0 |   63304 |   0.0 |       0 |      85 |   0.0 |  2953
      Depths:1 |       0 |   33717 |   0.0 |       0 |      33 |   0.0 |  2310
      Depths:2 |       0 |   36631 |   0.0 |       0 |      43 |   0.0 |  2207
      Depths:3 |       0 |   73397 |   0.0 |       0 |     117 |   0.0 |  5013
      Depths:4 |       0 |   44901 |   0.0 |       0 |      73 |   0.0 |  3447
      Depths:5 |       0 |   34364 |   0.0 |       0 |      34 |   0.0 |  2255
         Zot:1 |       0 |   34177 |   0.0 |       0 |      33 |   0.0 |  2511
         Zot:2 |       0 |  118623 |   0.0 |       0 |      90 |   0.0 |  2464
         Zot:3 |       0 |   35461 |   0.0 |       0 |      22 |   0.0 |   849
         Zot:4 |       0 |   41040 |   0.0 |       0 |      30 |   0.0 |  4458
         Zot:5 |       0 |  124763 |   0.0 |       0 |      61 |   0.0 |  2814
       Abyss:1 |       0 |    1475 |   0.0 |       0 |       4 |   0.0 |   155
       Abyss:3 |    1358 |    9667 |  12.3 |       5 |      14 |  26.3 |  1388
         Zig:1 |       0 |    1694 |   0.0 |       0 |       2 |   0.0 |    17
         Zig:2 |       0 |    2330 |   0.0 |       0 |       3 |   0.0 |    22
         Zig:3 |       0 |    4142 |   0.0 |       0 |       3 |   0.0 |    27
         Zig:4 |       0 |    3117 |   0.0 |       0 |       8 |   0.0 |   361
         Zig:5 |       0 |    6802 |   0.0 |       0 |       5 |   0.0 |   135
         Zig:6 |       0 |    7718 |   0.0 |       0 |       6 |   0.0 |    40
         Zig:7 |       0 |    5188 |   0.0 |       0 |      19 |   0.0 |   384
         Zig:8 |       0 |    6109 |   0.0 |       0 |      20 |   0.0 |   166
         Zig:9 |       0 |    6339 |   0.0 |       0 |      16 |   0.0 |   238
        Zig:10 |       0 |    4261 |   0.0 |       0 |      18 |   0.0 |   728
        Zig:11 |       0 |    2982 |   0.0 |       0 |       6 |   0.0 |    77
        Zig:12 |       0 |   21024 |   0.0 |       0 |      19 |   0.0 |   906
        Zig:13 |       0 |   24538 |   0.0 |       0 |      21 |   0.0 |   620
        Zig:14 |       0 |   20916 |   0.0 |       0 |      26 |   0.0 |   527
        Zig:15 |       0 |   39762 |   0.0 |       0 |      45 |   0.0 |   421
        Zig:16 |       0 |   40401 |   0.0 |       0 |      28 |   0.0 |   486
        Zig:17 |       0 |   20401 |   0.0 |       0 |      44 |   0.0 |   932
        Zig:18 |       0 |   48286 |   0.0 |       0 |      35 |   0.0 |   795
        Zig:19 |       0 |     479 |   0.0 |       0 |       7 |   0.0 |    25
        Zig:20 |       0 |    1971 |   0.0 |       0 |       7 |   0.0 |    63
           Lab |       0 |    1239 |   0.0 |       0 |       1 |   0.0 |   513
       Ossuary |       0 |     120 |   0.0 |       0 |      16 |   0.0 |   802
         IceCv |       0 |    9419 |   0.0 |       0 |      36 |   0.0 |  1328
        WizLab |       0 |   20919 |   0.0 |       0 |      39 |   0.0 |  1465
               +---------+---------+-------+---------+---------+-------+---------
